 Dungeon Crawl Stone Soup version 0.28-a0-239-g68911e0c57 (webtiles) character file.

Game seed: 16498291471934097124

2286 robertstho the Slasher (level 9, 0/80 HPs)
             Began as a Yellow Draconian Berserker on Aug 23, 2021.
             Was an Elder of Trog.
             Succumbed to Grum's poison
             ... on level 8 of the Dungeon.
             The game lasted 00:08:04 (6952 turns).

robertstho the Slasher (Yellow Draconian Berserker) Turns: 6952, Time: 00:08:04

Health: 0/80       AC: 12    Str: 22    XL:     9   Next: 17%
Magic:  9/9        EV: 14    Int:  7    God:    Trog [****..]
Gold:   264        SH:  0    Dex: 12    Spells: 8/8 levels left

rFire   + . .      SeeInvis .   a - +0 falchion
rCold   + . .      Faith    .   (no shield)
rNeg    . . .      Spirit   .   (armour unavailable)
rPois   .          Reflect  .   (helmet restricted)
rElec   .          Harm     .   w - scarf {rC+ rF+}
rCorr   +          Rampage  +   (no gloves)
Will    .....                   t - +0 pair of boots {rampage}
Stlth   ++........              (no amulet)
HPRegen 0.23/turn               n - +4 ring of protection
MPRegen 0.11/turn               (no ring)

@: lethally poisoned (0 -> -14)
A: spit acid, AC +7, unfitting armour, cold-blooded, acid resistance
a: Breathe Acid, Renounce Religion, Berserk, Trog's Hand, Brothers in Arms


You were on level 8 of the Dungeon.
You worshipped Trog.
Trog was greatly pleased with you.
You visited 1 branch of the dungeon, and saw 8 of its levels.

You collected 279 gold pieces.
You spent 15 gold pieces at shops.

Inventory:

Hand Weapons
 a - a +0 falchion (weapon)
 r - a +2 hand axe of flaming
Armour
 t - a +0 pair of boots of rampaging (worn)
 w - a scarf of resistance (worn)
Jewellery
 n - a +4 ring of protection (left hand)
Wands
 k - a wand of flame (26)
 s - a wand of paralysis (9)
Scrolls
 d - 2 scrolls of teleportation {unknown}
 g - a scroll of fog {unknown}
 i - a scroll of vulnerability {unknown}
 l - a scroll of amnesia {unknown}
 m - a scroll of blinking {unknown}
 p - a scroll of fear {unknown}
 v - a scroll of enchant weapon
 x - a scroll of brand weapon
Potions
 b - 2 potions of haste {unknown}
 c - a potion of heal wounds {unknown}
 e - 2 potions of attraction
 f - a potion of degeneration {unknown}
 h - 3 potions of curing
 j - 3 potions of flight {unknown}
 o - 2 potions of invisibility
 u - a potion of ambrosia


   Skills:
 * Level 7.7 Fighting
 + Level 7.8 Long Blades
 * Level 6.7 Dodging
 + Level 3.1 Stealth


You had 8 spell levels left.
You didn't know any spells.
Your spell library was empty.

Dungeon Overview and Level Annotations

Branches:
Dungeon (8/15)             Temple (0/1) D:7
   Lair: D:8-11

Altars:
Elyvilon
Gozag
Makhleb
Qazlal
Ru
Trog
Uskayaw
Vehumet

Shops:
D:6 *

Annotations:
D:8 Grum


Innate Abilities, Weirdness & Mutations

You can spit globs of acid.
Your golden yellow scales are hard. (AC +7)
You cannot fit into any form of body armour.
You are cold-blooded and may be slowed by cold attacks.
You are resistant to acid. (rCorr)


Message History

You are more poisoned.
The wolf closely misses you.
You hit Grum.
Grum is lightly wounded.
You feel very sick. Grum hits you with a -1 spear of venom!
* * * LOW HITPOINT WARNING * * *
The wolf barely misses you.
You slash Grum!
Grum is moderately wounded.
You feel very sick. The wolf barely misses you.
You riposte.
You barely miss the wolf. The wolf bites you but does no damage.
Grum misses you.
You riposte.
You barely miss Grum.
Grum is moderately wounded.
The wolf closely misses you.
You riposte.
You hit the wolf.
The wolf is lightly wounded.
You hit Grum but do no damage.
Your tail-slap misses Grum.
Grum is moderately wounded.
You feel sick. The wolf bites you.
* * * LOW HITPOINT WARNING * * *
The wolf bites you but does no damage. Grum hits you with a -1 spear of venom.
* * * LOW HITPOINT WARNING * * *
You are more poisoned.
The wolf closely misses you.
You riposte.
You hit the wolf. You tail-slap the wolf.
The wolf is heavily wounded.
You hit Grum.
Your tail-slap misses Grum.
Grum is heavily wounded.
* * * LOW HITPOINT WARNING * * *
You feel very sick. The wolf misses you.
You riposte.
You barely miss the wolf. You tail-slap the wolf.
The wolf is moderately wounded.
The wolf closely misses you.
You riposte.
You hit the wolf but do no damage.
The wolf is heavily wounded.
Grum barely misses you. The wolf completely misses you. The wolf misses you.
You hit Grum.
Your tail-slap misses Grum.
Grum is heavily wounded.
You die...

#.# #.# #.# #.# ## #.#
.## #.## ## ..# #..#
##. ..# #..# ###
#.h#g.# #..##
##.#####@†.#
#...####.........h.##
##.......##.........##
#......##..#......>....
#.....###.##.#.........
#.....## ##.##.........
#....).###...####...##.
#..##)).##...## ..#..
..####..##..## ##...


You could see Grum and 2 wolves.

Vanquished Creatures
  A water moccasin (D:6)
  2 ice beasts (D:6)
  3 sky beasts
  An orc warrior (D:8)
  2 necrophages
  An ogre (D:6)
  2 wolves (D:8)
  A phantom (D:7)
  2 kobold brigands (D:7)
  3 bullfrogs
  A wyvern skeleton (D:7)
  An electric eel (D:7)
  A lava snake (D:7)
  A bullfrog zombie (D:5)
  2 hounds (D:4)
  2 centaur zombies
  A bullfrog skeleton (D:6)
  A centaur skeleton (D:7)
  An iguana (D:5)
  Natasha (thrice) (D:2)
  4 orc wizards
  A hound zombie (D:5)
  Robin (D:4)
  9 adders
  A shadow imp (D:7)
  A white imp (D:5)
  An ufetubus (D:4)
  2 worms (D:3)
  4 dart slugs
  18 orcs
  4 ball pythons
  3 bats (D:3)
  9 endoplasms
  A giant cockroach (D:2)
  13 goblins
  10 hobgoblins
  4 jackals
  11 kobolds
  A quokka (D:1)
  3 frilled lizards
  4 rats
137 creatures vanquished.

Vanquished Creatures (others)
  An orc wizard (D:7)
1 creature vanquished.

Grand Total: 138 creatures vanquished

Notes
Turn   | Place    | Note
-------+----------+-------------------------------------------
     0 | D:1      | robertstho the Draconian Berserker began the quest for the
                  | Orb.
     0 | D:1      | Reached XP level 1. HP: 19/19 MP: 1/1
   170 | D:1      | Reached XP level 2. HP: 26/26 MP: 2/2
  1032 | D:2      | Noticed Natasha
  1034 | D:2      | Noticed a crimson imp
  1043 | D:2      | Killed Natasha
  1044 | D:2      | Reached XP level 3. HP: 24/33 MP: 3/3
  1497 | D:2      | Noticed Natasha
  1502 | D:2      | Killed Natasha
  1503 | D:2      | Reached XP level 4. HP: 39/41 MP: 4/4
  1506 | D:2      | Noticed Natasha
  1511 | D:2      | Reached ** piety under Trog
  1518 | D:2      | Killed Natasha
  1612 | D:2      | Found a white marble altar of Elyvilon.
  1914 | D:3      | Found a sacrificial altar of Ru.
  2058 | D:3      | Found a stormy altar of Qazlal.
  2098 | D:3      | Reached XP level 5. HP: 21/47 MP: 5/5
  2308 | D:3      | Found a burning altar of Makhleb.
  3161 | D:4      | Reached skill level 1 in Stealth
  3161 | D:4      | Reached XP level 6. HP: 55/55 MP: 6/6
  3165 | D:4      | Reached *** piety under Trog
  3174 | D:4      | Reached skill level 5 in Fighting
  3178 | D:4      | Noticed Robin
  3192 | D:4      | Killed Robin
  3241 | D:4      | Found a radiant altar of Vehumet.
  3615 | D:5      | Entered Level 5 of the Dungeon
  3625 | D:5      | Reached skill level 5 in Long Blades
  4264 | D:6      | Noticed an ice beast
  4267 | D:6      | Noticed an ice beast
  4281 | D:6      | Killed an ice beast
  4282 | D:6      | Your scales start taking on a golden yellow colour.
  4282 | D:6      | Reached XP level 7. HP: 15/62 MP: 7/7
  4282 | D:6      | Gained mutation: You are resistant to acid. (rCorr) [Yellow
                  | Draconian growth]
  4283 | D:6      | HP: 3/93 [ice beast (9)]
  4590 | D:6      | Found a hide-covered altar of Uskayaw.
  4698 | D:6      | Reached skill level 5 in Dodging
  5001 | D:6      | Reached XP level 8. HP: 71/71 MP: 8/8
  5453 | D:6      | Found Bochis's CLEARANCE SALE! EVERYTHING MUST GO!.
  5461 | D:6      | Bought a potion of attraction for 15 gold pieces
  5758 | D:7      | Found an opulent altar of Gozag.
  5845 | D:7      | Found a staircase to the Ecumenical Temple.
  5896 | D:7      | Reached **** piety under Trog
  6540 | D:7      | Found a bloodstained altar of Trog.
  6704 | D:7      | Reached XP level 9. HP: 77/79 MP: 9/9
  6933 | D:8      | Noticed Grum
  6951 | D:8      | HP: 3/80 [poisoned by Grum]
  6952 | D:8      | Succumbed to Grum's poison

Illustrated notes

Levels and vault maps discovered:
D:1:      minmay_arrival_solitary_statue, layout_basic, supply_closet_lemuel,
          minivault_5, chequers_serial_rivers_small_3
D:2:      layout_rooms, basic_altar, uniq_natasha
D:3:      layout_loops_ring, nicolae_ru_the_path_less_chosen,
          mainiacjoe_overflow_alcove_2, mainiacjoe_overflow_alcove_4
D:4:      layout_cave_pods, fiery_altar_vehumet, uniq_robin
D:5:      layout_basic, roderic_roman_lattice, minmay_misc_feat_cross,
          chequers_serial_rivers_small_a
D:6:      layout_gridville, nicolae_uskayaw_murder_on_the_dancefloor,
          nicolae_shop_clearance
D:7:      layout_gridville, trog_three_pillars_becter, grunt_gozag_statues,
          minmay_temple_entry_butterflies, chequers_hall_statues_wall_a,
          small_statue_intersection, nicolae_lava_and_water
D:8:      layout_layer_cave, uniq_grum

Skill      XL: |  1  2  3  4  5  6  7  8 |
---------------+-------------------------+-----
Dodging        | 3 4 5 6 |  6.7
Fighting       | 4 5 6 7 |  7.7
Long Blades    | 4 5 6 7 |  7.8
Stealth        | 1 2 3 |  3.1

Action                   |  1- 3 |  4- 6 |  7- 9 || total
-------------------------+-------+-------+-------++-------
Melee: Falchion          |    65 |   236 |   253 ||   554
       Tailslap          |     7 |    33 |    50 ||    90
Invok: Berserk           |     1 |     6 |     5 ||    12
  Use: Scroll            |       |       |     5 ||     5
       Potion            |       |       |     2 ||     2
 Stab: Sleeping          |     1 |     3 |     3 ||     7
       Invisible         |       |       |     2 ||     2
       Distracted        |       |       |     1 ||     1
Armor: Skin              |    20 |   104 |    97 ||   221
Dodge: Dodged            |    39 |   156 |   195 ||   390
       Rpst.: Falchion   |     9 |    53 |    58 ||   120

Table legend: (Time is in decaauts)
 A = Elapsed time spent in this place.
 B = Non-inter-level travel time spent in this place.
 C = Inter-level travel time spent in this place.
 D = Time resting spent in this place.
 E = Time spent auto-exploring this place.
 F = Levels seen in this place.
 G = Mean time per level.
                   A        B        C        D        E       F      G
               +--------+--------+--------+--------+--------+-----+--------+
         Total |   7090 |   6889 |    201 |    657 |   4984 |   8 |  886.2 |
       Dungeon |   7090 |   6889 |    201 |    657 |   4984 |   8 |  886.2 |
               +--------+--------+--------+--------+--------+-----+--------+

Top non-repeatable levels by time:
     D:6: 1497 daAuts
     D:1: 1181 daAuts
     D:7: 1131 daAuts
     D:3: 1019 daAuts
     D:4: 916 daAuts
     D:5: 615 daAuts
     D:2: 567 daAuts
     D:8: 161 daAuts
